 Dungeon Crawl Stone Soup version 0.22-a0-460-g49b1da7e92 (webtiles) character file.

92 Oravi the Gusty (level 4, -6/24 HPs)
             Began as a Tengu Air Elementalist on June 9, 2018.
             Mangled by an iguana (12 damage)
             ... on level 3 of the Dungeon.
             The game lasted 00:06:50 (1965 turns).

Oravi the Gusty (Tengu Air Elementalist)            Turns: 1965, Time: 00:06:51

Health: -6/24      AC:  2    Str:  8    XL:     4   Next: 60%
Magic:  1/9        EV: 13    Int: 16    God:
Gold:   75         SH:  0    Dex: 15    Spells: 2/8 levels left

rFire    . . .     SeeInvis .   m - +0 hand axe
rCold    . . .     Gourm    .   (no shield)
rNeg     . . .     Faith    .   a - +0 robe
rPois    .         Spirit   .   (helmet restricted)
rElec    .         Reflect  .   (no cloak)
rCorr    .         Harm     .   (no gloves)
MR       +....                  (boots unavailable)
Stlth    +++.......             (no amulet)
HPRegen  0.08/turn              r - ring of stealth
MPRegen  0.11/turn              s - ring of protection from magic

@: no status effects
A: beak, talons 3
a: no special abilities


You were on level 3 of the Dungeon.
You were not hungry.

You visited 1 branch of the dungeon, and saw 3 of its levels.

You collected 75 gold pieces.

Inventory:

Hand Weapons
 g - a +0 dagger
 m - a +0 hand axe (weapon)
Missiles
 e - 41 stones (quivered)
Armour
 a - a +0 robe (worn)
Jewellery
 r - a ring of stealth (left hand)
 s - a ring of protection from magic (right hand)
 u - a +3 amulet of reflection {unknown}
Scrolls
 b - a scroll of remove curse {unknown}
 h - 5 scrolls of identify {unknown}
 j - a scroll of amnesia {unknown}
 k - 2 scrolls of enchant weapon {unknown}
 l - a scroll of teleportation {unknown}
 n - a scroll of magic mapping {unknown}
Potions
 f - a potion of heal wounds {unknown}
 i - 2 potions of flight {unknown}
 o - a potion of might {unknown}
 p - 3 potions of lignification {unknown}
 q - a potion of curing
 t - a potion of invisibility {unknown}
Comestibles
 c - 6 rations
 d - 7 chunks of flesh


   Skills:
 + Level 0.1 Fighting
 + Level 0.3 Axes
 + Level 2.2 Dodging
 - Level 2.0 Stealth
 + Level 2.9 Spellcasting
 + Level 3.3 Conjurations
 + Level 5.0 Air Magic


You had 2 spell levels left.
You knew the following spells:

 Your Spells              Type           Power        Failure   Level  Hunger
a - Shock                 Conj/Air       ###.         3%          1    #......
b - Swiftness             Chrm/Air       ##......     10%         2    ##.....
c - Static Discharge      Conj/Air       ###.....     10%         3    ###....

Your spell library contained the following spells:

 Spells                   Type           Power        Failure   Level  Hunger
 Lightning Bolt           Conj/Air       ###.......   67%         5    ######.
 Airstrike                Air            ###.......   24%         4    #####..


Dungeon Overview and Level Annotations

Branches:
Dungeon (3/15)

Altars:

Annotations:
D:3 Oravi's ghost, amateur DrCj


Innate Abilities, Weirdness & Mutations

You have a beak for a mouth.
You have claws for feet.


Message History

Press: ? - help, Shift-Dir - straight line, f/p - iguana
Aim: an iguana (lightly wounded)
The zap misses the iguana.
You hit the iguana but do no damage. The iguana closely misses you.
You hit the iguana but do no damage. Your peck misses the iguana.
The iguana bites you.
You hit the iguana but do no damage.
The iguana bites you but does no damage.
The iguana bites you!
Ouch! That really hurt!
* * * LOW HITPOINT WARNING * * *
Casting: Shock (safe; 3% risk of failure)
Confirm with . or Enter, or press ? or * to list all spells.
The iguana is struck by lightning.
The iguana is heavily wounded.
The lightning arcs!
You are struck by lightning.
* * * LOW HITPOINT WARNING * * *
The lightning grounds out.
The iguana bites you!
Ouch! That really hurt!
You die...

.# #+# # .######
#.......$..#
......#
#..........#
......#
#..........
......#
#.........#
......#
#.).......#
......#
#.........#
.(....#
#.....l...#
......#
#.....@...#
......###
#####'#####
......'.#######.#
......#.........#
#######..)......#
#.........#
#######.........#
.........)#####.#
..........# #.#


You could see an iguana.

Vanquished Creatures
  3 adders (D:2)
  An ooze (D:1)
  A dart slug (D:1)
  2 worms
  4 leopard geckos
  2 ball pythons
  7 bats
  6 giant cockroaches
  3 goblins
  5 hobgoblins
  2 quokkas (D:2)
  6 kobolds
  8 rats
50 creatures vanquished.

Notes
Turn   | Place    | Note
-------+----------+-------------------------------------------
     0 | D:1      | Oravi the Tengu Air Elementalist began the quest for the Orb.
     0 | D:1      | Reached XP level 1. HP: 10/10 MP: 4/4
   158 | D:1      | Reached XP level 2. HP: 15/15 MP: 4/6
   628 | D:1      | Reached XP level 3. HP: 13/19 MP: 0/7
  1156 | D:1      | Learned a level 2 spell: Swiftness
  1160 | D:1      | Learned a level 3 spell: Static Discharge
  1323 | D:2      | Reached XP level 4. HP: 24/24 MP: 3/9
  1413 | D:2      | Reached skill level 5 in Air Magic
  1718 | D:3      | Noticed Oravi's ghost (amateur DrCj)
  1965 | D:3      | Mangled by an iguana

Vault maps used:
D:1:      mrwooster_arrival_statue_2, grunt_decor_fettered
D:3:      cheibriados_altar_1, first_ration

Skill      XL: |  1  2  3  4 |
---------------+-------------+-----
Conjurations   | 2 3 |  3.3
Air Magic      | 5 |  5.0
Fighting       | |  0.1
Axes           | |  0.3
Dodging        | |  2.2
Stealth        | |  2.0
Spellcasting   | |  2.9

Action                   |  1- 3 |  4- 6 || total
-------------------------+-------+-------++-------
Melee: Dagger            |     5 |       ||     5
       Peck              |     1 |       ||     1
       Hand axe          |     8 |     6 ||    14
       Kick              |     1 |       ||     1
Throw: Stone             |     3 |     1 ||     4
 Cast: Shock             |    69 |    43 ||   112
       Static Discharge  |       |     1 ||     1
  Use: Potion            |     1 |       ||     1
 Stab: Sleeping          |       |     1 ||     1
  Eat: Chunk             |     2 |     2 ||     4
Armor: Robe              |       |     1 ||     1
Dodge: Dodged            |    18 |     1 ||    19

Table legend:
 A = Spawn XP
 B = Non-spawn XP
 C = Spawn XP percentage of total XP
 D = Spawn monster count
 E = Non-spawn monster count
 F = Spawn count percentage of total count
 G = Total turns spent on level
                    A         B        C        D         E        F      G
               +---------+---------+-------+---------+---------+-------+---------
         Total |       0 |     132 |   0.0 |       0 |      50 |   0.0 |  1965
               +---------+---------+-------+---------+---------+-------+---------
           D:1 |       0 |      46 |   0.0 |       0 |      21 |   0.0 |  1104
           D:2 |       0 |      76 |   0.0 |       0 |      22 |   0.0 |   675
           D:3 |       0 |      10 |   0.0 |       0 |       7 |   0.0 |   186
               +---------+---------+-------+---------+---------+-------+---------
